 Dungeon Crawl Stone Soup version 0.22-a0-580-gd5db89c (webtiles) character file.

31242 galech the Basher (level 13, -10/144 HPs)
             Began as an Ogre Berserker on July 3, 2018.
             Was a High Priest of Trog.
             Engulfed by a cloud of freezing vapour (45 damage)
             ... in an ice cave.
             The game lasted 00:31:41 (17781 turns).

galech the Basher (Ogre Berserker)                 Turns: 17781, Time: 00:31:42

Health: -10/144    AC:  6    Str: 24    XL:     13   Next: 56%
Magic:  22/22      EV: 35    Int: 10    God:    Trog [*****.]
Gold:   416        SH: 11    Dex: 20    Spells: 12/12 levels left

rFire    . . .     SeeInvis .   M - +2 morningstar (drain)
rCold    . . .     Gourm    .   E - +0 shield of Gravitas {Int+2 Stlth+}
rNeg     . . .     Faith    .   h - +0 troll leather armour
rPois    .         Spirit   .   (helmet restricted)
rElec    .         Reflect  .   L - +0 cloak
rCorr    .         Harm     .   (gloves unavailable)
MR       +....                  (boots unavailable)
Stlth    ++++......             n - amulet of the acrobat
HPRegen  0.74/turn              R - +5 ring of evasion
MPRegen  0.18/turn              O - ring "Ujeaf" {MP+9 Dex+8}

@: acrobat, very slow
A: large, unfitting armour, tough skin 1
a: Berserk, Trog's Hand, Brothers in Arms, Renounce Religion


You were in an ice cave.
You worshipped Trog.
Trog was extremely pleased with you.
You were not hungry.

You visited 2 branches of the dungeon, and saw 16 of its levels.
You also visited: Labyrinth, Sewer and Ice Cave.

You collected 491 gold pieces.
You spent 75 gold pieces at shops.

Inventory:

Hand Weapons
 a - a +0 mace
 p - a +1 whip of draining
 H - a +11 antimagic giant club
 M - a +2 morningstar of draining (weapon)
 N - a +1 dire flail of freezing
Armour
 h - a +0 troll leather armour (worn)
 E - the +0 shield of Gravitas (worn) {Int+2 Stlth+}
   (You found it on level 6 of the Dungeon)

   It affects your intelligence (+2).
   It makes you more stealthy.
 L - a +0 cloak (worn)
Jewellery
 b - an uncursed ring of positive energy
 i - an uncursed ring of poison resistance
 n - an amulet of the acrobat (around neck)
 w - an uncursed ring of fire
 B - an uncursed ring of resist corrosion
 O - the ring "Ujeaf" (right hand) {MP+9 Dex+8}
   (You took it off an orc priest on level 9 of the Dungeon)

   [ring of magical power]

   It affects your dexterity (+8).
   It affects your magic capacity (+9).
 R - a +5 ring of evasion (left hand)
 T - an uncursed ring of fire
Wands
 y - a wand of acid (16)
 F - a wand of iceblast (7)
 I - a wand of flame (36)
 J - a wand of paralysis (15)
 U - a wand of digging (29)
 V - a wand of disintegration (47)
Scrolls
 e - a scroll of enchant weapon
 j - 6 scrolls of remove curse
 l - 3 scrolls of amnesia
 q - 4 scrolls of random uselessness
 t - a scroll of magic mapping
 u - 3 scrolls of enchant armour
 x - 3 scrolls of teleportation
 C - a scroll of fear
 D - 2 scrolls of immolation
 P - a scroll of noise
 Q - a scroll of silence
 S - a scroll of vulnerability
 X - a scroll of fog {unknown}
 Y - a scroll of summoning {unknown}
Potions
 d - 2 potions of resistance
 f - 4 potions of cancellation {unknown}
 g - 7 potions of curing {unknown}
 k - 3 potions of degeneration {unknown}
 m - 2 potions of ambrosia
 o - a potion of flight
 r - 7 potions of heal wounds {unknown}
 s - a potion of berserk rage
 v - 2 potions of lignification
 z - 5 potions of might {unknown}
 A - 2 potions of brilliance
 G - 2 potions of agility
 K - 2 potions of haste
 W - 3 potions of mutation
Comestibles
 c - 21 rations


   Skills:
 + Level 13.0 Fighting
 + Level 13.1 Maces & Flails
 + Level 3.7 Armour
 + Level 9.0 Dodging
 + Level 6.5 Stealth
 + Level 6.7 Shields


You had 12 spell levels left.
You didn't know any spells.
Your spell library was empty.

Dungeon Overview and Level Annotations

Branches:
Dungeon (11/15)            Temple (0/1) D:6            Lair (5/6) D:11
 Shoals (0/4) Lair:3        Snake (0/4) Lair:3
  Slime: Lair:5-6       Orc: D:9-12

Altars:
Ashenzari
Cheibriados
Dithmenos
Gozag
Kikubaaqudgha
Okawaru
Qazlal
Ru
Sif Muna
Trog
Yredelemnul
The Shining One

Shops:
D:4 *

Annotations:
D:5 1 runed door
D:10 Maurice
Lair:3 2 transporters IceCv exclusion: ice statue


Innate Abilities, Weirdness & Mutations

You are too large for most types of armour.
You have tough skin. (AC +1)


Message History

You hit the ice statue but do no damage.
The ice statue is moderately damaged.
You are engulfed in freezing vapours.
The ice statue gestures at you. The shard of ice hits you!
You sock the ice statue!
The ice statue is heavily damaged.
You are engulfed in freezing vapours.
* * * LOW HITPOINT WARNING * * *
You puncture the ice statue!
The ice statue is severely damaged.
You are engulfed in freezing vapours.
* * * LOW HITPOINT WARNING * * *
The ice statue glitters chillingly in the dim dungeon light.
The ice statue gestures at you. The freezing blast misses you.
You enter the shallow water.
Moving in this stuff is going to be slow.
You are engulfed in freezing vapours.
You die...

##### #####...##
# ##........##
#§ ##..§§..§§§.#
§§.#....§§§§§§##
§§.....§§§§§§§§#
#......§§§§§§#
#.....§§§§§#
###.#.§§@#8#
####.§#### #§§##
##..## ##..#
##...# ##...##
#...## #...##


There were no monsters in sight!

Vanquished Creatures
  A minotaur (Lab)
  4 hydras
  A catoblepas (Lair:4)
  A two-headed ogre (D:10)
  An ugly thing (D:11)
  An oklob plant (D:6)
  A black mamba (Lair:3)
  A merfolk siren (Lair:3)
  An ice statue (IceCv)
  A torpor snail (Lair:4)
  8 spiny frogs
  6 komodo dragons
  A troll (D:10)
  A hornet (D:9)
  A polar bear (Lair:3)
  Grinder (D:3)
  7 hippogriffs
  5 dream sheep (Lair:4)
  5 blink frogs (Lair:2)
  A spriggan (D:7)
  37 yaks
  2 wyverns
  A wraith (D:10)
  2 basilisks
  A hungry ghost (D:11)
  A soldier ant (D:10)
  10 porcupines
  11 water moccasins
  3 orc warriors
  4 ice beasts
  2 black bears
  An eye of draining (D:11)
  4 sky beasts
  2 ogres
  3 phantoms
  11 wolves (Lair:2)
  8 crocodiles
  3 centaurs
  2 big kobolds
  17 bullfrogs
  6 scorpions
  A water moccasin skeleton (D:6)
  7 killer bees
  7 wights
  2 howler monkeys (D:11)
  2 crimson imps
  A bullfrog zombie (D:11)
  3 centaur zombies
  The ghost of Defined the Magician, a weakling DEWz (D:3)
  Crazy Yiuf (D:7)
  13 hounds
  7 orc priests
  3 jellies (D:6)
  A quasit (D:10)
  A centaur skeleton (D:8)
  4 orc wizards
  6 bullfrog skeletons
  3 iguanas
  5 worker ants
  2 killer bee zombies
  3 worker ant zombies
  4 gnolls
  16 adders
  5 river rats (Sewer)
  A shadow imp (D:6)
  17 white imps
  3 ufetubi (IceCv)
  17 oozes (D:6)
  An adder zombie (D:5)
  4 adder skeletons
  2 worms
  3 dart slugs
  9 leopard geckos
  23 orcs
  8 ball pythons
  5 bats
  12 giant cockroaches
  6 goblins
  5 hobgoblins
  4 jackals (D:11)
  28 kobolds
  5 quokkas
  9 frilled lizards
  A leopard gecko skeleton (D:7)
  A quokka zombie (D:5)
  29 rats
  2 plants
473 creatures vanquished.

Vanquished Creatures (others)
  A white imp (IceCv)
  3 ufetubi (IceCv)
  5 fungi
  2 plants
11 creatures vanquished.

Grand Total: 484 creatures vanquished

Notes
Turn   | Place    | Note
-------+----------+-------------------------------------------
     0 | D:1      | galech the Ogre Berserker began the quest for the Orb.
     0 | D:1      | Reached XP level 1. HP: 24/24 MP: 1/1
    81 | D:1      | Reached XP level 2. HP: 18/32 MP: 2/2
   683 | D:1      | Reached XP level 3. HP: 32/40 MP: 3/3
   927 | D:2      | Reached ** piety under Trog
  1375 | D:2      | Reached skill level 5 in Fighting
  1375 | D:2      | Reached XP level 4. HP: 50/50 MP: 4/4
  2293 | D:3      | Reached XP level 5. HP: 56/57 MP: 5/5
  2690 | D:3      | Reached XP level 6. HP: 58/66 MP: 6/6
  2871 | D:3      | Noticed Grinder
  2874 | D:3      | Found a runed gate.
  2874 | D:3      | Found a runed gate.
  2874 | D:3      | Found a runed gate.
  2879 | D:3      | Noticed Defined's ghost (weakling DEWz)
  2902 | D:3      | Killed Grinder
  3470 | D:4      | Reached XP level 7. HP: 75/75 MP: 7/7
  3496 | D:4      | Found Ufreweg's General Store.
  3507 | D:4      | Bought a scroll of enchant armour for 75 gold pieces
  3561 | D:4      | Reached skill level 5 in Maces & Flails
  3634 | D:4      | Found a snail-covered altar of Cheibriados.
  3634 | D:4      | Found a shattered altar of Ashenzari.
  3652 | D:4      | Found a stormy altar of Qazlal.
  3719 | D:4      | Noticed a moth of wrath
  3722 | D:4      | Found a bloodstained altar of Trog.
  3847 | D:5      | Entered Level 5 of the Dungeon
  3903 | D:5      | Reached skill level 1 in Stealth
  3952 | D:5      | Found a glowing drain.
  3962 | D:5      | Reached *** piety under Trog
  4054 | Sewer    | Entered a sewer
  4447 | Sewer    | Reached **** piety under Trog
  4743 | D:5      | Found a basalt altar of Yredelemnul.
  4793 | D:5      | Found a bloodstained altar of Trog.
  4899 | D:5      | Reached skill level 5 in Dodging
  4899 | D:5      | Reached XP level 8. HP: 78/84 MP: 8/8
  4900 | D:5      | Found a runed door.
  4924 | D:5      | Found a runed door.
  5815 | D:6      | Found a staircase to the Ecumenical Temple.
  5874 | D:6      | Got a scorched shield
  5880 | D:6      | Identified the +0 shield of Gravitas {Int+2 Stlth+} (You found it on level 6 of the Dungeon)
  5903 | D:6      | Reached XP level 9. HP: 67/96 MP: 9/9
  6277 | D:6      | Noticed an oklob plant
  6581 | D:6      | Found an ancient bone altar of Kikubaaqudgha.
  6581 | D:6      | Found a shadowy altar of Dithmenos.
  6750 | D:3      | Killed Defined's ghost
  6750 | D:3      | Reached skill level 1 in Shields
  7004 | D:5      | Reached ***** piety under Trog
  7327 | D:6      | Killed an oklob plant
  7605 | D:7      | Found a sacrificial altar of Ru.
  8180 | D:7      | Reached XP level 10. HP: 64/107 MP: 10/10
  8300 | D:7      | Found a runed door.
  8304 | D:7      | Noticed Crazy Yiuf
  8310 | D:7      | Killed Crazy Yiuf
  8792 | D:8      | Found an opulent altar of Gozag.
  9389 | D:8      | Found a deep blue altar of Sif Muna.
  9633 | D:9      | Found an iron altar of Okawaru.
 10165 | D:9      | Reached skill level 10 in Fighting
 10354 | D:9      | Got a steaming steel ring
 10525 | D:9      | Found a glowing golden altar of the Shining One.
 10578 | D:10     | Entered Level 10 of the Dungeon
 10603 | D:10     | Noticed Maurice
 10946 | D:10     | Reached skill level 10 in Maces & Flails
 11013 | D:10     | Reached XP level 11. HP: 92/119 MP: 11/11
 11038 | D:10     | Identified the ring "Ujeaf" {MP+9 Dex+8} (You took it off an orc priest on level 9 of the Dungeon)
 11196 | D:10     | Received a gift from Trog
 11232 | D:10     | Noticed a two-headed ogre
 11240 | D:10     | Killed a two-headed ogre
 12582 | D:11     | Noticed a brown ugly thing
 12592 | D:11     | Killed a brown ugly thing
 12772 | D:11     | Reached skill level 1 in Armour
 12772 | D:11     | Reached skill level 5 in Shields
 12914 | D:11     | Found a staircase to the Lair.
 13155 | Lair:1   | Entered Level 1 of the Lair of Beasts
 13342 | Lair:1   | Reached skill level 5 in Stealth
 13419 | Lair:1   | Reached XP level 12. HP: 130/130 MP: 12/12
 14248 | Lair:2   | Noticed a five-headed hydra
 14257 | Lair:2   | Killed a five-headed hydra
 14363 | Lair:2   | Received a gift from Trog
 14838 | Lair:3   | Found a labyrinth entrance.
 14849 | Lab      | Entered a labyrinth
 14974 | Lab      | Noticed a minotaur
 14983 | Lab      | Killed a minotaur
 15092 | Lair:3   | Found a transporter.
 15110 | Lair:3   | Found a staircase to the Snake Pit.
 15362 | Lair:3   | Found a staircase to the Shoals.
 15494 | Lair:3   | Found a transporter.
 15592 | Lair:3   | Noticed a six-headed hydra
 15603 | Lair:3   | Killed a six-headed hydra
 15603 | Lair:3   | Reached XP level 13. HP: 141/141 MP: 13/13
 16709 | Lair:4   | Found a runed door.
 17266 | Lair:5   | Received a gift from Trog
 17333 | Lair:5   | Found a frozen archway.
 17377 | IceCv    | Entered an ice cave
 17781 | IceCv    | Engulfed by a cloud of freezing vapour

Vault maps used:
D:1:      eino_arrival_water_cross, minmay_pentomino_z2
D:2:      first_ration, minmay_misc_feat_room
D:3:      minmay_door_path, gammafunk_ghost_necromancy, lemuel_old_faithful,
          uniq_grinder
D:4:      grunt_qazlal_sundering, chequers_temple_overflow_statue_of_worship,
          serial_shops, nicolae_shop_crystal, tgw_trog
D:5:      lemuel_insect_pit, old_standard_altar, portal_sewer_entry_f,
          basic_altar
D:6:      lemuel_slime, gammafunk_temple_overflow_elements,
          minmay_temple_entry_statues_fountains
D:7:      the_bakery, minivault_25, nicolae_ru_sacrificial_ziggurat,
          uniq_crazy_yiuf_cottage
D:8:      kennysheep_mini, nicolae_gozag_cash_rules_everything_around_me
D:9:      lemuel_coloured_pillars_altar, okawaru_gym_becter
D:10:     uniq_maurice
D:11:     david_lair_shrubbed
Lair:1:   serial_bayou_shore_b, infiniplex_staircase_pool_2, grunt_megastairs_5
Lair:2:   beast_lair_carwin_large_4, serial_bayou_shore_b, lemuel_fruit_tree
Lair:3:   gammafunk_cloud_chamber, minmay_shoals_entry_lonely_mermaid,
          dummy_snake_entry, lab_entry_generic
Lair:4:   pf_torpor_hydra
Lair:5:   regret_index_harrowing_hell_hive, ebering_ghost_disaster_area,
          portal_ice_cave_entry_imps
Lab:      labyrinth_mini_lab, nicolae_lab_garden, lab_hedge,
          nicolae_lab_hexagon, lab_fountain, nicolae_lab_statue
Sewer:    sewer_minmay_treatment
IceCv:    ice_cave_small_demon

Skill      XL: |  1  2  3  4  5  6  7  8  9 10 11 12 13 |
---------------+----------------------------------------+-----
Dodging        | 3 4 5 6 7 8 9 |  9.0
Maces & Flails | 3 4 5 7 8 10 11 12 13 | 13.1
Fighting       | 5 6 8 9 10 11 12 13 | 13.0
Stealth        | 1 3 4 5 6 |  6.5
Shields        | 2 4 5 6 |  6.7
Armour         | 1 3 |  3.7

Action                   |  1- 3 |  4- 6 |  7- 9 | 10-12 | 13-15 || total
-------------------------+-------+-------+-------+-------+-------++-------
Melee: Mace              |   123 |    92 |       |       |       ||   215
       Whip              |       |    38 |   628 |   173 |       ||   839
       Morningstar       |       |       |       |   696 |   202 ||   898
Invok: Berserk           |     2 |     3 |     7 |    11 |     6 ||    29
       Trog's Hand       |       |     1 |     5 |     5 |     3 ||    14
  Use: Scroll            |       |       |     6 |    15 |     1 ||    22
 Stab: Sleeping          |       |     2 |    11 |    30 |     7 ||    50
       Distracted        |       |       |       |     1 |     1 ||     2
  Eat: Chunk             |     3 |    10 |    17 |    30 |     9 ||    69
       Ration            |       |       |     2 |     2 |     2 ||     6
Armor: Animal skin       |    29 |    26 |    90 |    63 |       ||   208
       Troll leather arm |       |       |       |    38 |    19 ||    57
Dodge: Dodged            |    72 |    86 |   291 |   378 |   218 ||  1045
Block: Shield            |       |       |    81 |   355 |   108 ||   544

Table legend:
 A = Spawn XP
 B = Non-spawn XP
 C = Spawn XP percentage of total XP
 D = Spawn monster count
 E = Non-spawn monster count
 F = Spawn count percentage of total count
 G = Total turns spent on level
                    A         B        C        D         E        F      G
               +---------+---------+-------+---------+---------+-------+---------
         Total |       0 |   44632 |   0.0 |       0 |     471 |   0.0 | 17781
               +---------+---------+-------+---------+---------+-------+---------
           D:1 |       0 |      39 |   0.0 |       0 |      19 |   0.0 |   910
           D:2 |       0 |     119 |   0.0 |       0 |      23 |   0.0 |  1148
           D:3 |       0 |     529 |   0.0 |       0 |      24 |   0.0 |  1465
           D:4 |       0 |      97 |   0.0 |       0 |      14 |   0.0 |   406
           D:5 |       0 |     733 |   0.0 |       0 |      28 |   0.0 |  1146
           D:6 |       0 |    2059 |   0.0 |       0 |      43 |   0.0 |  1705
           D:7 |       0 |    1025 |   0.0 |       0 |      13 |   0.0 |  1216
           D:8 |       0 |    1052 |   0.0 |       0 |      24 |   0.0 |   829
           D:9 |       0 |    1741 |   0.0 |       0 |      33 |   0.0 |  1084
          D:10 |       0 |    4267 |   0.0 |       0 |      31 |   0.0 |  1785
          D:11 |       0 |    5400 |   0.0 |       0 |      40 |   0.0 |   792
        Lair:1 |       0 |    3255 |   0.0 |       0 |      18 |   0.0 |   793
        Lair:2 |       0 |    5544 |   0.0 |       0 |      30 |   0.0 |   890
        Lair:3 |       0 |    5713 |   0.0 |       0 |      23 |   0.0 |   878
        Lair:4 |       0 |   10259 |   0.0 |       0 |      34 |   0.0 |  1311
        Lair:5 |       0 |     826 |   0.0 |       0 |      16 |   0.0 |   174
           Lab |       0 |    1254 |   0.0 |       0 |       1 |   0.0 |   176
         Sewer |       0 |     230 |   0.0 |       0 |      48 |   0.0 |   669
         IceCv |       0 |     490 |   0.0 |       0 |       9 |   0.0 |   404
               +---------+---------+-------+---------+---------+-------+---------
